San Jose Sharks vs Detroit Red Wings
Created - Tuesday, April 30, 2024 at 07:48
Goals
|
| San Jose Sharks |
1 |
2 |
1 |
4 |
| Detroit Red Wings |
1 |
0 |
1 |
2 |
|
Shots
|
| San Jose Sharks |
18 |
8 |
14 |
40 |
| Detroit Red Wings |
10 |
9 |
13 |
32 |
|
1st period
1. San Jose Sharks , Dylan Strome 19 (William Karlsson 27, Ivan Barbashev 27) at 4:47 (PP)
2. Detroit Red Wings , Matthew Boldy 22 (Carter Verhaeghe 29, Mika Zibanejad 46) at 6:45
Penalties :
Anthony Cirelli (DET) for Hooking (Minor) at 4:38, Connor Murphy (SJS) for Roughing (Minor) at 7:30
2nd period
3. San Jose Sharks , Andreas Athanasiou 18 (Adam Henrique 37, Connor Murphy 10) at 10:02
4. San Jose Sharks , William Karlsson 16 (Simon Benoit 1, Valeri Nichushkin 42) at 16:24
Penalties :
Derek Forbort (SJS) for Tripping (Minor) at 5:01, Kailer Yamamoto (SJS) for Slashing (Minor) at 16:48
3rd period
5. San Jose Sharks , William Karlsson 17 (Rickard Rakell 12, Christopher Tanev 14) at 0:10
6. Detroit Red Wings , Mika Zibanejad 23 (Carter Verhaeghe 30, Matthew Boldy 20) at 2:19 (PP)
Penalties :
William Karlsson (SJS) for High sticking (Minor) at 1:29, Connor Murphy (SJS) for Roughing (Minor) at 8:12, Steven Stamkos (DET) for Interference (Minor) at 16:28
Goalie Stats
Ilya Samsonov (SJS), 30 saves from 32 shots - (0.938), W, 24-15-7, 60:00 minutes
Laurent Brossoit (DET), 36 saves from 40 shots - (0.900), L, 8-7-1, 60:00 minutes
Players Stats for San Jose Sharks
Player Name G A P +/- PIM S H SB GA TA FO MP PP MP PK MP
------------------------------------------------------------------------------------
Adam Henrique 0 1 1 1 0 3 1 2 0 2 7/19 16:54 0:56 4:13
Andreas Athanasiou 1 0 1 1 0 4 0 1 2 0 0/0 11:20 0:00 0:00
Christian Dvorak 0 0 0 0 0 2 1 2 0 0 4/13 14:46 0:06 0:03
Christopher Tanev 0 1 1 2 0 2 0 2 0 2 0/0 21:28 1:17 4:55
Connor Murphy 0 1 1 0 4 3 2 0 0 0 0/0 20:52 0:00 0:22
Derek Forbort 0 0 0 0 2 4 1 1 1 0 0/0 24:38 0:51 3:05
Dylan Strome 1 0 1 0 0 1 1 0 1 0 2/3 14:20 1:12 0:00
Ilya Mikheyev 0 0 0 -1 0 2 1 0 0 0 0/1 9:00 0:00 0:00
Ivan Barbashev 0 1 1 0 0 3 3 0 2 0 0/0 14:20 1:12 0:00
Kailer Yamamoto 0 0 0 1 2 2 0 0 0 0 0/0 12:21 0:50 0:00
Patrik Nemeth 0 0 0 0 0 1 1 2 0 1 0/0 12:28 0:00 0:00
Rickard Rakell 0 1 1 2 0 1 1 0 0 1 1/2 20:10 0:45 4:24
Ryan Hartman 0 0 0 -1 0 1 1 0 1 0 1/3 10:06 0:00 0:40
Simon Benoit 0 1 1 2 0 0 1 1 0 2 0/0 20:52 1:17 4:20
Simon Nemec 0 0 0 0 0 3 0 2 0 1 0/0 20:23 0:51 4:50
Valeri Nichushkin 0 1 1 2 0 6 1 0 1 1 1/4 20:14 0:46 4:29
Victor Olofsson 0 0 0 -1 0 0 0 0 0 0 0/0 7:31 0:00 0:00
William Karlsson 2 1 3 2 2 2 3 0 0 0 7/18 19:26 0:37 3:43
Players Stats for Detroit Red Wings
Player Name G A P +/- PIM S H SB GA TA FO MP PP MP PK MP
------------------------------------------------------------------------------------
Alexander Barabanov 0 0 0 0 0 1 0 0 0 1 0/0 6:55 0:00 0:00
Anthony Cirelli 0 0 0 -2 2 1 0 0 0 0 2/2 13:00 0:00 0:47
Arthur Kaliyev 0 0 0 0 0 3 0 0 0 0 0/0 10:33 4:13 0:00
Carter Verhaeghe 0 2 2 0 0 1 0 0 0 1 0/2 18:36 4:33 0:00
Daniel Sprong 0 0 0 -2 0 2 0 0 0 0 0/0 17:00 4:22 0:11
Jared McCann 0 0 0 0 0 0 1 1 2 0 0/3 16:56 0:00 0:58
Jonathan Huberdeau 0 0 0 -2 0 0 0 0 1 1 1/1 12:37 0:00 0:00
Josh Bailey 0 0 0 0 0 0 0 0 1 0 2/5 8:27 0:00 1:10
Kevin Shattenkirk 0 0 0 -1 0 1 1 2 1 1 0/0 27:15 4:24 1:07
MacKenzie Weegar 0 0 0 -1 0 1 3 4 0 1 0/0 27:15 4:24 1:07
Matthew Boldy 1 1 2 0 0 5 0 0 0 0 0/0 18:44 4:33 0:00
Michael Del Zotto 0 0 0 0 0 0 0 0 0 0 0/0 12:06 0:00 0:00
Mika Zibanejad 1 1 2 0 0 6 1 0 1 0 15/23 19:46 4:33 1:10
Patrick Kane 0 0 0 0 0 2 2 1 2 1 2/3 20:12 4:13 0:00
Philippe Myers 0 0 0 0 0 1 0 1 0 0 0/0 12:06 0:00 0:00
Shayne Gostisbehere 0 0 0 -1 0 2 0 2 1 1 0/0 20:39 4:22 1:01
Steven Stamkos 0 0 0 0 2 5 2 1 1 0 18/24 20:25 4:13 0:00
Zach Bogosian 0 0 0 -1 0 1 1 1 0 1 0/0 15:18 0:00 1:01
3 Stars
1 - William Karlsson (SJS)
2 - Andreas Athanasiou (SJS)
3 - Mika Zibanejad (DET)
Power Play
San Jose Sharks - 1 on 2 Attempt(s) - 50.00%
Detroit Red Wings - 1 on 5 Attempt(s) - 20.00%
Penalty Kill
San Jose Sharks - 4 on 5 Attempt(s) - 80.00%
- Score 0 goal in Penalty Kill
Detroit Red Wings - 1 on 2 Attempt(s) - 50.00%
- Score 0 goal in Penalty Kill
Team Stat
San Jose Sharks - Hits : 18 - Faceoff Wins : 23 - Blocked Shots : 13 - Penalty Minutes : 10
Detroit Red Wings - Hits : 11 - Faceoff Wins : 40 - Blocked Shots : 13 - Penalty Minutes : 4
Official
Referees : Mark Lemelin and Gord Dwyer
Linesman : Lonnie Cameron and Vaughan Rody
Game Notes
No Game Note
Finance
Level 1 -- Attendance: 4855 (80.92%) -- Ticket Income $485,500
Level 2 -- Attendance: 3583 (71.66%) -- Ticket Income $214,980
Level 3 -- Attendance: 2425 (80.83%) -- Ticket Income $84,875
Level 4 -- Attendance: 3749 (74.98%) -- Ticket Income $93,725
Luxury Box -- Attendance: 789 (78.90%) -- Ticket Income $157,800
Game was played at the Joe Louis Arena.
Total Attendance: 15401 (77.01%)
Total Ticket Income: $1,036,880
Other Income: $362,908
Total Income: $1,399,788
San Jose Sharks
5 vs 5 Forward
Center Left Wing Right Wing Time % Phy DF OF
1 William Karlsson Valeri Nichushkin Rickard Rakell 30 1 2 2
2 Christian Dvorak Dylan Strome Ivan Barbashev 30 1 2 2
3 Adam Henrique Andreas Athanasiou Kailer Yamamoto 25 1 2 2
4 Ryan Hartman Victor Olofsson Ilya Mikheyev 15 1 2 2
5 vs 5 Defense
Defense Defense Time % Phy DF OF
1 Connor Murphy Derek Forbort 30 1 2 2
2 Christopher Tanev Simon Benoit 30 1 2 2
3 Patrik Nemeth Simon Nemec 25 1 2 2
4 Connor Murphy Derek Forbort 15 1 2 2
PowerPlay Forward
Center Left Wing Right Wing Time % Phy DF OF
1 Adam Henrique Valeri Nichushkin Rickard Rakell 50 1 2 2
2 William Karlsson Dylan Strome Ivan Barbashev 50 1 2 2
PowerPlay Defense
Defense Defense Time % Phy DF OF
1 Simon Nemec Derek Forbort 50 1 2 2
2 Simon Benoit Christopher Tanev 50 1 2 2
Penalty Kill 4 Players Forward
Center Wing Time % Phy DF OF
1 Valeri Nichushkin Rickard Rakell 50 1 2 2
2 Adam Henrique William Karlsson 50 1 2 2
Penalty Kill 4 Players Defense
Defense Defense Time % Phy DF OF
1 Simon Benoit Derek Forbort 50 1 2 2
2 Simon Nemec Christopher Tanev 50 1 2 2
Penalty Kill - 3 Players Forward
Forward Time % Phy DF OF
1 Valeri Nichushkin 50 1 2 2
2 Rickard Rakell 50 1 2 2
Penalty Kill - 3 Players Defense
Defense Defense Time % Phy DF OF
1 Simon Benoit Derek Forbort 50 1 2 2
2 Simon Nemec Christopher Tanev 50 1 2 2
4 vs 4 Forward
Center Wing Time % Phy DF OF
1 Valeri Nichushkin Rickard Rakell 50 1 2 2
2 Adam Henrique William Karlsson 50 1 2 2
4 vs 4 Defense
Defense Defense Time % Phy DF OF
1 Connor Murphy Derek Forbort 50 1 2 2
2 Simon Benoit Christopher Tanev 50 1 2 2
Last Minutes Offensive
Center Left Wing Right Wing Defense Defense
Adam Henrique Valeri Nichushkin Rickard Rakell Connor Murphy Derek Forbort
Last Minutes Defensive
Center Left Wing Right Wing Defense Defense
Adam Henrique Valeri Nichushkin Rickard Rakell Connor Murphy Derek Forbort
Goaltenders
Starting : Ilya Samsonov
Backup : Logan Thompson
Extra Forwards
Normal : Kailer Yamamoto, Christian Dvorak, Ryan Hartman - PP : Kailer Yamamoto, Christian Dvorak - PK : Ryan Hartman
Extra Defensemen
Normal : Simon Benoit, Simon Nemec, Derek Forbort - PP : Simon Benoit - PK : Simon Nemec, Derek Forbort
Penalty Shots
Valeri Nichushkin, Rickard Rakell, Adam Henrique, William Karlsson, Dylan Strome
Detroit Red Wings
5 vs 5 Forward
Center Left Wing Right Wing Time % Phy DF OF
1 Steven Stamkos Jared McCann Patrick Kane 35 0 1 4
2 Mika Zibanejad Carter Verhaeghe Matthew Boldy 30 1 2 2
3 Anthony Cirelli Jonathan Huberdeau Daniel Sprong 25 1 2 2
4 Josh Bailey Alexander Barabanov Arthur Kaliyev 10 1 2 2
5 vs 5 Defense
Defense Defense Time % Phy DF OF
1 Kevin Shattenkirk MacKenzie Weegar 40 1 2 2
2 Zach Bogosian Shayne Gostisbehere 30 1 2 2
3 Michael Del Zotto Philippe Myers 20 3 1 1
4 Kevin Shattenkirk MacKenzie Weegar 10 1 2 2
PowerPlay Forward
Center Left Wing Right Wing Time % Phy DF OF
1 Steven Stamkos Arthur Kaliyev Patrick Kane 50 0 1 4
2 Mika Zibanejad Carter Verhaeghe Matthew Boldy 50 0 1 4
PowerPlay Defense
Defense Defense Time % Phy DF OF
1 Kevin Shattenkirk MacKenzie Weegar 50 1 2 2
2 Shayne Gostisbehere Daniel Sprong 50 1 2 2
Penalty Kill 4 Players Forward
Center Wing Time % Phy DF OF
1 Anthony Cirelli Jared McCann 50 2 2 1
2 Mika Zibanejad Josh Bailey 50 2 2 1
Penalty Kill 4 Players Defense
Defense Defense Time % Phy DF OF
1 Kevin Shattenkirk MacKenzie Weegar 50 2 2 1
2 Zach Bogosian Shayne Gostisbehere 50 2 2 1
Penalty Kill - 3 Players Forward
Forward Time % Phy DF OF
1 Mika Zibanejad 50 1 2 2
2 Anthony Cirelli 50 1 2 2
Penalty Kill - 3 Players Defense
Defense Defense Time % Phy DF OF
1 Kevin Shattenkirk MacKenzie Weegar 50 1 2 2
2 Zach Bogosian Shayne Gostisbehere 50 2 2 1
4 vs 4 Forward
Center Wing Time % Phy DF OF
1 Mika Zibanejad Carter Verhaeghe 60 1 2 2
2 Steven Stamkos Matthew Boldy 40 1 1 3
4 vs 4 Defense
Defense Defense Time % Phy DF OF
1 Kevin Shattenkirk MacKenzie Weegar 60 1 2 2
2 Zach Bogosian Shayne Gostisbehere 40 1 2 2
Last Minutes Offensive
Center Left Wing Right Wing Defense Defense
Mika Zibanejad Carter Verhaeghe Matthew Boldy Kevin Shattenkirk MacKenzie Weegar
Last Minutes Defensive
Center Left Wing Right Wing Defense Defense
Mika Zibanejad Carter Verhaeghe Matthew Boldy Kevin Shattenkirk MacKenzie Weegar
Goaltenders
Starting : Laurent Brossoit
Backup : Vitek Vanecek
Extra Forwards
Normal : Josh Bailey, Daniel Sprong, Arthur Kaliyev - PP : Josh Bailey, Arthur Kaliyev - PK : Jared McCann
Extra Defensemen
Normal : Philippe Myers, Zach Bogosian, Shayne Gostisbehere - PP : Kevin Shattenkirk - PK : Philippe Myers, Zach Bogosian
Penalty Shots
Mika Zibanejad, Steven Stamkos, Matthew Boldy, Carter Verhaeghe, Jared McCann
% Time on Ice - San Jose Sharks
Lines # - Real PCT - Wanted PCT - Time Play
Normal Forward
1 - 31% - 30% - 15:13
2 - 31% - 30% - 15:02
3 - 23% - 25% - 11:20
4 - 15% - 15% - 7:31
Normal Defense
1 - 31% - 30% - 15:04
2 - 31% - 30% - 15:02
3 - 25% - 25% - 12:28
4 - 13% - 15% - 6:32
PP Forward
1 - 44% - 50% - 0:56
2 - 56% - 50% - 1:12
PP Defense
1 - 40% - 50% - 0:51
2 - 60% - 50% - 1:17
PK Forward
1 - 52% - 50% - 4:33
2 - 48% - 50% - 4:13
PK Defense
1 - 54% - 50% - 4:42
2 - 46% - 50% - 4:04
PK3 Forward
1 - 0% - 50%
2 - 0% - 50%
PK3 Defense
1 - 0% - 50%
2 - 0% - 50%
44 Forward
1 - 0% - 50%
2 - 0% - 50%
44 Defense
1 - 0% - 50%
2 - 0% - 50%
Last Minute Offensive - 0:00
Last Minute Defensive - 0:00
Total
Forward - 60:00
Defense - 60:00
|
% Time on Ice - Detroit Red Wings
Lines # - Real PCT - Wanted PCT - Time Play
Normal Forward
1 - 33% - 35% - 16:13
2 - 29% - 30% - 14:03
3 - 25% - 25% - 12:14
4 - 13% - 10% - 6:36
Normal Defense
1 - 40% - 40% - 19:44
2 - 31% - 30% - 15:16
3 - 25% - 20% - 12:06
4 - 4% - 10% - 2:00
PP Forward
1 - 48% - 50% - 4:13
2 - 52% - 50% - 4:33
PP Defense
1 - 50% - 50% - 4:24
2 - 50% - 50% - 4:22
PK Forward
1 - 45% - 50% - 0:58
2 - 55% - 50% - 1:10
PK Defense
1 - 52% - 50% - 1:07
2 - 48% - 50% - 1:01
PK3 Forward
1 - 0% - 50%
2 - 0% - 50%
PK3 Defense
1 - 0% - 50%
2 - 0% - 50%
44 Forward
1 - 0% - 60%
2 - 0% - 40%
44 Defense
1 - 0% - 60%
2 - 0% - 40%
Last Minute Offensive - 0:00
Last Minute Defensive - 0:00
Total
Forward - 60:00
Defense - 60:00
|
Play-by-Play
1st period
0:01 of 1st period - Steven Stamkos wins face-off versus William Karlsson in neutral zone.
0:30 of 1st period - Snap shot by Ivan Barbashev.
0:30 of 1st period - Shot Misses the Net.
0:32 of 1st period - Slapshot by Ivan Barbashev.
0:32 of 1st period - Deflect By Christian Dvorak.
0:32 of 1st period - Stopped by Laurent Brossoit with a rebound.
1:15 of 1st period - Wrist shot by Victor Olofsson.
1:15 of 1st period - Shot Misses the Net.
1:29 of 1st period - Wrist shot by Steven Stamkos.
1:29 of 1st period - Shot Misses the Net.
1:53 of 1st period - Wrist shot by Mika Zibanejad.
1:53 of 1st period - Stopped by Ilya Samsonov without a rebound.
1:54 of 1st period - Anthony Cirelli wins face-off versus Adam Henrique in San Jose Sharks zone.
2:01 of 1st period - Snap shot by Kailer Yamamoto.
2:01 of 1st period - Shot Misses the Net.
2:03 of 1st period - Slapshot by Derek Forbort.
2:03 of 1st period - Stopped by Laurent Brossoit without a rebound.
2:04 of 1st period - Anthony Cirelli wins face-off versus Adam Henrique in Detroit Red Wings zone.
2:49 of 1st period - Slapshot by Adam Henrique.
2:49 of 1st period - Deflect By Kailer Yamamoto.
2:49 of 1st period - Stopped by Laurent Brossoit with a rebound.
3:29 of 1st period - Snap shot by Andreas Athanasiou.
3:29 of 1st period - Stopped by Laurent Brossoit with a rebound.
3:31 of 1st period - Slapshot by Connor Murphy.
3:31 of 1st period - Stopped by Laurent Brossoit with a rebound.
3:33 of 1st period - Snap shot by Andreas Athanasiou.
3:33 of 1st period - Stopped by Laurent Brossoit with a rebound.
3:35 of 1st period - Slapshot by Connor Murphy.
3:35 of 1st period - Stopped by Laurent Brossoit with a rebound.
3:37 of 1st period - Snap shot by Connor Murphy.
3:37 of 1st period - Stopped by Laurent Brossoit with a rebound.
3:39 of 1st period - Snap shot by Kailer Yamamoto.
3:39 of 1st period - Shot Blocked by Zach Bogosian.
3:41 of 1st period - Slapshot by Derek Forbort.
3:41 of 1st period - Shot Blocked by Shayne Gostisbehere.
3:43 of 1st period - Slapshot by Derek Forbort.
3:43 of 1st period - Stopped by Laurent Brossoit with a rebound.
3:45 of 1st period - Wrist shot by Derek Forbort.
3:45 of 1st period - Stopped by Laurent Brossoit with a rebound.
3:47 of 1st period - Snap shot by Adam Henrique.
3:47 of 1st period - Shot Misses the Net.
3:49 of 1st period - Snap shot by Derek Forbort.
3:49 of 1st period - Deflect By Adam Henrique.
3:49 of 1st period - Stopped by Laurent Brossoit with a rebound.
4:19 of 1st period - Wrist shot by Kailer Yamamoto.
4:19 of 1st period - Stopped by Laurent Brossoit with a rebound.
4:38 of 1st period - Minor Penalty to Anthony Cirelli for Hooking.
4:39 of 1st period - William Karlsson wins face-off versus Josh Bailey in Detroit Red Wings zone.
4:39 of 1st period - Slapshot by Ivan Barbashev.
4:39 of 1st period - Stopped by Laurent Brossoit with a rebound.
4:47 of 1st period - Slapshot by Dylan Strome.
4:47 of 1st period - Goal by Dylan Strome - San Jose Sharks : 1 - Detroit Red Wings : 0.
4:48 of 1st period - Dylan Strome wins face-off versus Steven Stamkos in neutral zone.
5:04 of 1st period - Wrist shot by Ivan Barbashev.
5:04 of 1st period - Shot Misses the Net.
5:42 of 1st period - Snap shot by Ryan Hartman.
5:42 of 1st period - Stopped by Laurent Brossoit without a rebound.
5:43 of 1st period - Steven Stamkos wins face-off versus Dylan Strome in Detroit Red Wings zone.
6:45 of 1st period - Snap shot by Carter Verhaeghe.
6:45 of 1st period - Deflect By Matthew Boldy.
6:45 of 1st period - Goal by Matthew Boldy - San Jose Sharks : 1 - Detroit Red Wings : 1.
6:46 of 1st period - Steven Stamkos wins face-off versus Christian Dvorak in neutral zone.
6:59 of 1st period - Snap shot by Steven Stamkos.
6:59 of 1st period - Shot Hit the Post.
7:03 of 1st period - Wrist shot by Steven Stamkos.
7:03 of 1st period - Stopped by Ilya Samsonov with a rebound.
7:30 of 1st period - Minor Penalty to Connor Murphy for Roughing.
7:31 of 1st period - Steven Stamkos wins face-off versus Valeri Nichushkin in San Jose Sharks zone.
7:36 of 1st period - Snap shot by Steven Stamkos.
7:36 of 1st period - Stopped by Ilya Samsonov with a rebound.
7:38 of 1st period - Slapshot by Kevin Shattenkirk.
7:38 of 1st period - Shot Misses the Net.
7:40 of 1st period - Snap shot by Patrick Kane.
7:40 of 1st period - Stopped by Ilya Samsonov without a rebound.
7:41 of 1st period - Steven Stamkos wins face-off versus Valeri Nichushkin in San Jose Sharks zone.
7:50 of 1st period - Snap shot by Patrick Kane.
7:50 of 1st period - Deflect By Arthur Kaliyev.
7:50 of 1st period - Shot Blocked by Christopher Tanev.
7:50 of 1st period - Puck is out of play.
7:51 of 1st period - Mika Zibanejad wins face-off versus Adam Henrique in San Jose Sharks zone.
7:54 of 1st period - Slapshot by Mika Zibanejad.
7:54 of 1st period - Shot Blocked by Derek Forbort.
8:00 of 1st period - Slapshot by Carter Verhaeghe.
8:00 of 1st period - Stopped by Ilya Samsonov without a rebound.
8:01 of 1st period - Adam Henrique wins face-off versus Mika Zibanejad in San Jose Sharks zone.
8:10 of 1st period - Valeri Nichushkin is hit by Mika Zibanejad and loses puck.
8:15 of 1st period - Snap shot by Matthew Boldy.
8:15 of 1st period - Stopped by Ilya Samsonov without a rebound.
8:16 of 1st period - Adam Henrique wins face-off versus Patrick Kane in San Jose Sharks zone.
8:16 of 1st period - Adam Henrique is hit by MacKenzie Weegar.
9:30 of 1st period - Penalty to Connor Murphy is over, Connor Murphy is back on ice.
10:44 of 1st period - MacKenzie Weegar is hit by William Karlsson and loses puck.
11:32 of 1st period - Slapshot by Mika Zibanejad.
11:32 of 1st period - Stopped by Ilya Samsonov with a rebound.
11:48 of 1st period - Snap shot by Ryan Hartman.
11:48 of 1st period - Shot Blocked by Patrick Kane.
11:50 of 1st period - Snap shot by Ryan Hartman.
11:50 of 1st period - Shot Misses the Net.
11:52 of 1st period - Slapshot by Christopher Tanev.
11:52 of 1st period - Deflect By Jared McCann.
11:52 of 1st period - Stopped by Laurent Brossoit without a rebound.
11:53 of 1st period - Rickard Rakell wins face-off versus Mika Zibanejad in Detroit Red Wings zone.
11:54 of 1st period - Slapshot by Valeri Nichushkin.
11:54 of 1st period - Stopped by Laurent Brossoit without a rebound.
11:55 of 1st period - William Karlsson wins face-off versus Mika Zibanejad in Detroit Red Wings zone.
11:56 of 1st period - Wrist shot by Valeri Nichushkin.
11:56 of 1st period - Deflect By William Karlsson.
11:56 of 1st period - Shot Hit the Post.
11:56 of 1st period - Puck is out of play.
11:57 of 1st period - William Karlsson wins face-off versus Mika Zibanejad in Detroit Red Wings zone.
12:06 of 1st period - Connor Murphy is hit by MacKenzie Weegar and loses puck.
13:52 of 1st period - Wrist shot by Patrick Kane.
13:52 of 1st period - Shot Misses the Net.
14:04 of 1st period - Snap shot by Victor Olofsson.
14:04 of 1st period - Shot Misses the Net.
15:04 of 1st period - Snap shot by Steven Stamkos.
15:04 of 1st period - Stopped by Ilya Samsonov with a rebound.
15:32 of 1st period - Snap shot by Ivan Barbashev.
15:32 of 1st period - Shot Misses the Net.
16:31 of 1st period - Philippe Myers is hit by Christian Dvorak and loses puck.
16:47 of 1st period - Jared McCann is hit by Rickard Rakell and loses puck.
17:00 of 1st period - Valeri Nichushkin is hit by Steven Stamkos and loses puck.
17:24 of 1st period - Connor Murphy is hit by Jared McCann and loses puck.
17:35 of 1st period - Wrist shot by Patrick Kane.
17:35 of 1st period - Shot Misses the Net.
17:37 of 1st period - Slapshot by Kevin Shattenkirk.
17:37 of 1st period - Shot Misses the Net.
17:57 of 1st period - Icing by Connor Murphy.
17:58 of 1st period - Mika Zibanejad wins face-off versus William Karlsson in San Jose Sharks zone.
18:29 of 1st period - MacKenzie Weegar is hit by Ivan Barbashev and loses puck.
18:54 of 1st period - Snap shot by Arthur Kaliyev.
18:54 of 1st period - Stopped by Ilya Samsonov with a rebound.
18:56 of 1st period - Snap shot by Alexander Barabanov.
18:56 of 1st period - Shot Misses the Net.
18:58 of 1st period - Slapshot by Kevin Shattenkirk.
18:58 of 1st period - Shot Blocked by Andreas Athanasiou.
19:00 of 1st period - Snap shot by Alexander Barabanov.
19:00 of 1st period - Shot Misses the Net.
19:02 of 1st period - Wrist shot by Josh Bailey.
19:02 of 1st period - Shot Hit the Post.
19:41 of 1st period - Icing by Philippe Myers.
19:42 of 1st period - Ryan Hartman wins face-off versus Josh Bailey in Detroit Red Wings zone.
19:47 of 1st period - Snap shot by Ilya Mikheyev.
19:47 of 1st period - Stopped by Laurent Brossoit without a rebound.
19:48 of 1st period - Josh Bailey wins face-off versus Ryan Hartman in Detroit Red Wings zone.
Goals for this period are 1 for San Jose Sharks vs 1 for Detroit Red Wings.
Shots for this period are 18 for San Jose Sharks vs 10 for Detroit Red Wings.
2nd period
0:01 of 2nd period - Dylan Strome wins face-off versus Steven Stamkos in neutral zone.
0:06 of 2nd period - Snap shot by Ivan Barbashev.
0:06 of 2nd period - Stopped by Laurent Brossoit with a rebound.
0:30 of 2nd period - Snap shot by William Karlsson.
0:30 of 2nd period - Shot Misses the Net.
0:56 of 2nd period - Slapshot by Jonathan Huberdeau.
0:56 of 2nd period - Deflect By Adam Henrique.
0:56 of 2nd period - Shot Blocked by Adam Henrique.
0:56 of 2nd period - Puck is out of play.
0:57 of 2nd period - Christian Dvorak wins face-off versus Jared McCann in San Jose Sharks zone.
1:08 of 2nd period - Snap shot by Dylan Strome.
1:08 of 2nd period - Shot Misses the Net.
1:22 of 2nd period - Patrick Kane is hit by Adam Henrique and loses puck.
1:30 of 2nd period - Icing by Patrick Kane.
1:31 of 2nd period - Steven Stamkos wins face-off versus Christian Dvorak in Detroit Red Wings zone.
1:41 of 2nd period - Off-side.
1:42 of 2nd period - Mika Zibanejad wins face-off versus Christian Dvorak in neutral zone.
1:46 of 2nd period - Off-side.
1:47 of 2nd period - Mika Zibanejad wins face-off versus Christian Dvorak in neutral zone.
2:56 of 2nd period - Off-side.
2:57 of 2nd period - Mika Zibanejad wins face-off versus Ilya Mikheyev in neutral zone.
3:02 of 2nd period - Wrist shot by Matthew Boldy.
3:02 of 2nd period - Stopped by Ilya Samsonov without a rebound.
3:03 of 2nd period - Christian Dvorak wins face-off versus Carter Verhaeghe in San Jose Sharks zone.
3:08 of 2nd period - Wrist shot by Dylan Strome.
3:08 of 2nd period - Shot Blocked by Shayne Gostisbehere.
3:20 of 2nd period - Snap shot by Mika Zibanejad.
3:20 of 2nd period - Stopped by Ilya Samsonov without a rebound.
3:21 of 2nd period - Steven Stamkos wins face-off versus William Karlsson in San Jose Sharks zone.
3:38 of 2nd period - Snap shot by William Karlsson.
3:38 of 2nd period - Shot Blocked by MacKenzie Weegar.
3:48 of 2nd period - Mika Zibanejad is hit by Ivan Barbashev and loses puck.
3:57 of 2nd period - Wrist shot by Christian Dvorak.
3:57 of 2nd period - Stopped by Laurent Brossoit without a rebound.
3:58 of 2nd period - Adam Henrique wins face-off versus Mika Zibanejad in Detroit Red Wings zone.
4:53 of 2nd period - Snap shot by Alexander Barabanov.
4:53 of 2nd period - Deflect By Arthur Kaliyev.
4:53 of 2nd period - Shot Blocked by Simon Nemec.
4:53 of 2nd period - Puck is out of play.
4:54 of 2nd period - Josh Bailey wins face-off versus William Karlsson in San Jose Sharks zone.
4:59 of 2nd period - Wrist shot by Arthur Kaliyev.
4:59 of 2nd period - Stopped by Ilya Samsonov with a rebound.
5:01 of 2nd period - Minor Penalty to Derek Forbort for Tripping.
5:02 of 2nd period - Mika Zibanejad wins face-off versus Adam Henrique in San Jose Sharks zone.
5:23 of 2nd period - Snap shot by Valeri Nichushkin.
5:23 of 2nd period - Stopped by Laurent Brossoit without a rebound.
5:24 of 2nd period - Steven Stamkos wins face-off versus Adam Henrique in Detroit Red Wings zone.
7:01 of 2nd period - Penalty to Derek Forbort is over, Derek Forbort is back on ice.
8:01 of 2nd period - Snap shot by Ryan Hartman.
8:01 of 2nd period - Shot Blocked by Philippe Myers.
8:42 of 2nd period - Christopher Tanev is hit by MacKenzie Weegar and loses puck.
8:56 of 2nd period - Off-side.
8:57 of 2nd period - Steven Stamkos wins face-off versus William Karlsson in neutral zone.
10:00 of 2nd period - Wrist shot by Adam Henrique.
10:00 of 2nd period - Shot Misses the Net.
10:02 of 2nd period - Snap shot by Andreas Athanasiou.
10:02 of 2nd period - Goal by Andreas Athanasiou - San Jose Sharks : 2 - Detroit Red Wings : 1.
10:03 of 2nd period - William Karlsson wins face-off versus Steven Stamkos in neutral zone.
10:44 of 2nd period - Snap shot by Matthew Boldy.
10:44 of 2nd period - Stopped by Ilya Samsonov with a rebound.
11:20 of 2nd period - Slapshot by Arthur Kaliyev.
11:20 of 2nd period - Shot Misses the Net.
11:22 of 2nd period - Slapshot by Shayne Gostisbehere.
11:22 of 2nd period - Shot Misses the Net.
11:24 of 2nd period - Slapshot by Alexander Barabanov.
11:24 of 2nd period - Stopped by Ilya Samsonov with a rebound.
11:26 of 2nd period - Snap shot by Josh Bailey.
11:26 of 2nd period - Shot Misses the Net.
11:28 of 2nd period - Snap shot by Arthur Kaliyev.
11:28 of 2nd period - Shot Misses the Net.
11:38 of 2nd period - Simon Nemec is hit by Steven Stamkos and loses puck.
12:03 of 2nd period - Snap shot by Rickard Rakell.
12:03 of 2nd period - Stopped by Laurent Brossoit with a rebound.
12:05 of 2nd period - Slapshot by Patrik Nemeth.
12:05 of 2nd period - Stopped by Laurent Brossoit without a rebound.
12:06 of 2nd period - Mika Zibanejad wins face-off versus William Karlsson in Detroit Red Wings zone.
12:37 of 2nd period - Wrist shot by Christian Dvorak.
12:37 of 2nd period - Shot Blocked by MacKenzie Weegar.
12:39 of 2nd period - Wrist shot by Christian Dvorak.
12:39 of 2nd period - Shot Misses the Net.
12:41 of 2nd period - Slapshot by Derek Forbort.
12:41 of 2nd period - Shot Blocked by MacKenzie Weegar.
12:43 of 2nd period - Slapshot by Connor Murphy.
12:43 of 2nd period - Shot Blocked by Kevin Shattenkirk.
13:01 of 2nd period - Wrist shot by Anthony Cirelli.
13:01 of 2nd period - Stopped by Ilya Samsonov without a rebound.
13:02 of 2nd period - Jonathan Huberdeau wins face-off versus William Karlsson in San Jose Sharks zone.
13:31 of 2nd period - Icing by Simon Nemec.
13:32 of 2nd period - Patrick Kane wins face-off versus Christian Dvorak in San Jose Sharks zone.
13:41 of 2nd period - Wrist shot by Patrick Kane.
13:41 of 2nd period - Shot Misses the Net.
13:51 of 2nd period - Slapshot by Dylan Strome.
13:51 of 2nd period - Shot Misses the Net.
14:01 of 2nd period - Christian Dvorak is hit by Patrick Kane and loses puck.
14:11 of 2nd period - Slapshot by Simon Benoit.
14:11 of 2nd period - Shot Blocked by Jared McCann.
14:13 of 2nd period - Wrist shot by Christopher Tanev.
14:13 of 2nd period - Shot Blocked by Steven Stamkos.
14:24 of 2nd period - Icing by Michael Del Zotto.
14:25 of 2nd period - Steven Stamkos wins face-off versus Valeri Nichushkin in Detroit Red Wings zone.
14:43 of 2nd period - Steven Stamkos is hit by William Karlsson and loses puck.
14:55 of 2nd period - Off-side.
14:56 of 2nd period - Mika Zibanejad wins face-off versus Ryan Hartman in neutral zone.
15:07 of 2nd period - Wrist shot by Carter Verhaeghe.
15:07 of 2nd period - Shot Blocked by Simon Nemec.
15:09 of 2nd period - Snap shot by Mika Zibanejad.
15:09 of 2nd period - Stopped by Ilya Samsonov with a rebound.
15:11 of 2nd period - Wrist shot by Kevin Shattenkirk.
15:11 of 2nd period - Shot Misses the Net.
15:44 of 2nd period - Wrist shot by Josh Bailey.
15:44 of 2nd period - Shot Blocked by Patrik Nemeth.
15:46 of 2nd period - Slapshot by Shayne Gostisbehere.
15:46 of 2nd period - Shot Misses the Net.
15:48 of 2nd period - Wrist shot by Arthur Kaliyev.
15:48 of 2nd period - Stopped by Ilya Samsonov with a rebound.
15:50 of 2nd period - Snap shot by Arthur Kaliyev.
15:50 of 2nd period - Shot Misses the Net.
15:52 of 2nd period - Slapshot by Kevin Shattenkirk.
15:52 of 2nd period - Shot Blocked by Patrik Nemeth.
16:20 of 2nd period - Snap shot by Valeri Nichushkin.
16:20 of 2nd period - Stopped by Laurent Brossoit with a rebound.
16:22 of 2nd period - Slapshot by Simon Benoit.
16:22 of 2nd period - Shot Blocked by Kevin Shattenkirk.
16:24 of 2nd period - Wrist shot by William Karlsson.
16:24 of 2nd period - Goal by William Karlsson - San Jose Sharks : 3 - Detroit Red Wings : 1.
16:25 of 2nd period - Mika Zibanejad wins face-off versus Adam Henrique in neutral zone.
16:48 of 2nd period - Minor Penalty to Kailer Yamamoto for Slashing.
16:49 of 2nd period - Adam Henrique wins face-off versus Steven Stamkos in San Jose Sharks zone.
17:00 of 2nd period - Wrist shot by Steven Stamkos.
17:00 of 2nd period - Stopped by Ilya Samsonov with a rebound.
18:48 of 2nd period - Penalty to Kailer Yamamoto is over, Kailer Yamamoto is back on ice.
19:13 of 2nd period - Josh Bailey is hit by Ivan Barbashev and loses puck.
19:36 of 2nd period - Steven Stamkos is hit by Patrik Nemeth and loses puck.
Goals for this period are 2 for San Jose Sharks vs 0 for Detroit Red Wings.
Shots for this period are 8 for San Jose Sharks vs 9 for Detroit Red Wings.
3rd period
0:01 of 3rd period - Valeri Nichushkin wins face-off versus Carter Verhaeghe in neutral zone.
0:04 of 3rd period - Wrist shot by Rickard Rakell.
0:04 of 3rd period - Shot Misses the Net.
0:06 of 3rd period - Slapshot by Christopher Tanev.
0:06 of 3rd period - Shot Blocked by MacKenzie Weegar.
0:08 of 3rd period - Snap shot by Rickard Rakell.
0:08 of 3rd period - Shot Misses the Net.
0:10 of 3rd period - Wrist shot by William Karlsson.
0:10 of 3rd period - Goal by William Karlsson - San Jose Sharks : 4 - Detroit Red Wings : 1.
0:11 of 3rd period - Mika Zibanejad wins face-off versus William Karlsson in neutral zone.
0:16 of 3rd period - Slapshot by Kevin Shattenkirk.
0:16 of 3rd period - Stopped by Ilya Samsonov without a rebound.
0:17 of 3rd period - Mika Zibanejad wins face-off versus William Karlsson in San Jose Sharks zone.
0:18 of 3rd period - Wrist shot by Carter Verhaeghe.
0:18 of 3rd period - Shot Hit the Post.
0:27 of 3rd period - Off-side.
0:28 of 3rd period - Adam Henrique wins face-off versus Mika Zibanejad in neutral zone.
0:35 of 3rd period - Wrist shot by Andreas Athanasiou.
0:35 of 3rd period - Stopped by Laurent Brossoit with a rebound.
1:04 of 3rd period - Wrist shot by Ivan Barbashev.
1:04 of 3rd period - Stopped by Laurent Brossoit with a rebound.
1:16 of 3rd period - Slapshot by Shayne Gostisbehere.
1:16 of 3rd period - Stopped by Ilya Samsonov with a rebound.
1:22 of 3rd period - Snap shot by Steven Stamkos.
1:22 of 3rd period - Shot Misses the Net.
1:24 of 3rd period - Snap shot by Steven Stamkos.
1:24 of 3rd period - Shot Misses the Net.
1:29 of 3rd period - Minor Penalty to William Karlsson for High sticking.
1:30 of 3rd period - Steven Stamkos wins face-off versus Adam Henrique in San Jose Sharks zone.
1:55 of 3rd period - Matthew Boldy is hit by Valeri Nichushkin and loses puck.
2:01 of 3rd period - Off-side.
2:02 of 3rd period - Mika Zibanejad wins face-off versus Adam Henrique in neutral zone.
2:19 of 3rd period - Snap shot by Mika Zibanejad.
2:19 of 3rd period - Goal by Mika Zibanejad - San Jose Sharks : 4 - Detroit Red Wings : 2.
2:20 of 3rd period - Steven Stamkos wins face-off versus Adam Henrique in neutral zone.
2:45 of 3rd period - MacKenzie Weegar is hit by Connor Murphy.
2:49 of 3rd period - Carter Verhaeghe is hit by Dylan Strome and loses puck.
3:40 of 3rd period - Slapshot by Simon Nemec.
3:40 of 3rd period - Stopped by Laurent Brossoit with a rebound.
3:54 of 3rd period - Snap shot by Ilya Mikheyev.
3:54 of 3rd period - Stopped by Laurent Brossoit with a rebound.
4:29 of 3rd period - Matthew Boldy is hit by William Karlsson and loses puck.
4:34 of 3rd period - Slapshot by Valeri Nichushkin.
4:34 of 3rd period - Stopped by Laurent Brossoit with a rebound.
4:36 of 3rd period - Snap shot by Christopher Tanev.
4:36 of 3rd period - Stopped by Laurent Brossoit without a rebound.
4:37 of 3rd period - Steven Stamkos wins face-off versus Adam Henrique in Detroit Red Wings zone.
4:37 of 3rd period - Steven Stamkos is hit by Simon Benoit.
4:43 of 3rd period - Christopher Tanev is hit by Patrick Kane and loses puck.
5:04 of 3rd period - Rickard Rakell is hit by Zach Bogosian.
5:24 of 3rd period - Snap shot by Mika Zibanejad.
5:24 of 3rd period - Shot Misses the Net.
5:26 of 3rd period - Snap shot by Carter Verhaeghe.
5:26 of 3rd period - Deflect By Matthew Boldy.
5:26 of 3rd period - Shot Blocked by Simon Benoit.
5:26 of 3rd period - Puck is out of play.
5:27 of 3rd period - Mika Zibanejad wins face-off versus Christian Dvorak in San Jose Sharks zone.
5:32 of 3rd period - Wrist shot by Mika Zibanejad.
5:32 of 3rd period - Deflect By Christian Dvorak.
5:32 of 3rd period - Stopped by Ilya Samsonov with a rebound.
5:34 of 3rd period - Snap shot by Zach Bogosian.
5:34 of 3rd period - Shot Blocked by Christian Dvorak.
5:36 of 3rd period - Slapshot by Shayne Gostisbehere.
5:36 of 3rd period - Deflect By Matthew Boldy.
5:36 of 3rd period - Stopped by Ilya Samsonov without a rebound.
5:37 of 3rd period - Steven Stamkos wins face-off versus William Karlsson in San Jose Sharks zone.
5:40 of 3rd period - Snap shot by Patrick Kane.
5:40 of 3rd period - Shot Misses the Net.
6:25 of 3rd period - Slapshot by Alexander Barabanov.
6:25 of 3rd period - Shot Misses the Net.
6:27 of 3rd period - Snap shot by Philippe Myers.
6:27 of 3rd period - Stopped by Ilya Samsonov without a rebound.
6:28 of 3rd period - Christian Dvorak wins face-off versus Josh Bailey in San Jose Sharks zone.
7:37 of 3rd period - Kailer Yamamoto is hit by Kevin Shattenkirk and loses puck.
7:42 of 3rd period - Snap shot by Daniel Sprong.
7:42 of 3rd period - Stopped by Ilya Samsonov without a rebound.
7:43 of 3rd period - Steven Stamkos wins face-off versus Christian Dvorak in San Jose Sharks zone.
7:44 of 3rd period - Wrist shot by Patrick Kane.
7:44 of 3rd period - Shot Blocked by Christian Dvorak.
7:49 of 3rd period - Off-side.
7:50 of 3rd period - Steven Stamkos wins face-off versus Christian Dvorak in neutral zone.
7:55 of 3rd period - Snap shot by Patrick Kane.
7:55 of 3rd period - Stopped by Ilya Samsonov without a rebound.
7:56 of 3rd period - Christian Dvorak wins face-off versus Steven Stamkos in San Jose Sharks zone.
8:12 of 3rd period - Minor Penalty to Connor Murphy for Roughing.
8:13 of 3rd period - Adam Henrique wins face-off versus Steven Stamkos in San Jose Sharks zone.
10:12 of 3rd period - Penalty to Connor Murphy is over, Connor Murphy is back on ice.
10:19 of 3rd period - Wrist shot by Daniel Sprong.
10:19 of 3rd period - Shot Blocked by Christopher Tanev.
11:09 of 3rd period - Mika Zibanejad is hit by Connor Murphy.
12:05 of 3rd period - Icing by Carter Verhaeghe.
12:06 of 3rd period - William Karlsson wins face-off versus Mika Zibanejad in Detroit Red Wings zone.
12:07 of 3rd period - Snap shot by Valeri Nichushkin.
12:07 of 3rd period - Stopped by Laurent Brossoit without a rebound.
12:08 of 3rd period - William Karlsson wins face-off versus Jared McCann in Detroit Red Wings zone.
12:20 of 3rd period - Icing by William Karlsson.
12:21 of 3rd period - Patrick Kane wins face-off versus Rickard Rakell in San Jose Sharks zone.
12:24 of 3rd period - Wrist shot by Steven Stamkos.
12:24 of 3rd period - Stopped by Ilya Samsonov with a rebound.
12:40 of 3rd period - Slapshot by Simon Nemec.
12:40 of 3rd period - Stopped by Laurent Brossoit with a rebound.
12:42 of 3rd period - Slapshot by Simon Nemec.
12:42 of 3rd period - Stopped by Laurent Brossoit without a rebound.
12:43 of 3rd period - Mika Zibanejad wins face-off versus Adam Henrique in Detroit Red Wings zone.
12:54 of 3rd period - Slapshot by Adam Henrique.
12:54 of 3rd period - Shot Misses the Net.
13:21 of 3rd period - Slapshot by Patrick Kane.
13:21 of 3rd period - Shot Misses the Net.
13:33 of 3rd period - Slapshot by Jonathan Huberdeau.
13:33 of 3rd period - Shot Misses the Net.
13:53 of 3rd period - Kevin Shattenkirk is hit by Ryan Hartman and loses puck.
14:22 of 3rd period - Wrist shot by Adam Henrique.
14:22 of 3rd period - Stopped by Laurent Brossoit without a rebound.
14:23 of 3rd period - Steven Stamkos wins face-off versus William Karlsson in Detroit Red Wings zone.
14:52 of 3rd period - Wrist shot by Daniel Sprong.
14:52 of 3rd period - Stopped by Ilya Samsonov with a rebound.
15:38 of 3rd period - Anthony Cirelli is hit by Derek Forbort and loses puck.
16:01 of 3rd period - Slapshot by Valeri Nichushkin.
16:01 of 3rd period - Stopped by Laurent Brossoit with a rebound.
16:03 of 3rd period - Slapshot by Derek Forbort.
16:03 of 3rd period - Stopped by Laurent Brossoit without a rebound.
16:04 of 3rd period - Steven Stamkos wins face-off versus Adam Henrique in Detroit Red Wings zone.
16:13 of 3rd period - Backhand shot by Steven Stamkos.
16:13 of 3rd period - Shot Blocked by Adam Henrique.
16:15 of 3rd period - Snap shot by Zach Bogosian.
16:15 of 3rd period - Stopped by Ilya Samsonov without a rebound.
16:16 of 3rd period - Adam Henrique wins face-off versus Jared McCann in San Jose Sharks zone.
16:21 of 3rd period - Snap shot by Adam Henrique.
16:21 of 3rd period - Stopped by Laurent Brossoit with a rebound.
16:28 of 3rd period - Minor Penalty to Steven Stamkos for Interference.
16:29 of 3rd period - William Karlsson wins face-off versus Mika Zibanejad in Detroit Red Wings zone.
18:28 of 3rd period - Penalty to Steven Stamkos is over, Steven Stamkos is back on ice.
18:38 of 3rd period - Snap shot by Shayne Gostisbehere.
18:38 of 3rd period - Stopped by Ilya Samsonov with a rebound.
18:41 of 3rd period - Icing by Christian Dvorak.
18:42 of 3rd period - Mika Zibanejad wins face-off versus Christian Dvorak in San Jose Sharks zone.
18:45 of 3rd period - Wrist shot by Mika Zibanejad.
18:45 of 3rd period - Shot Misses the Net.
18:55 of 3rd period - Philippe Myers is hit by Ilya Mikheyev and loses puck.
19:27 of 3rd period - Snap shot by MacKenzie Weegar.
19:27 of 3rd period - Shot Misses the Net.
19:29 of 3rd period - Slapshot by MacKenzie Weegar.
19:29 of 3rd period - Stopped by Ilya Samsonov with a rebound.
Goals for this period are 1 for San Jose Sharks vs 1 for Detroit Red Wings.
Shots for this period are 14 for San Jose Sharks vs 13 for Detroit Red Wings.
Back to the Top